 Dungeon Crawl Stone Soup version 0.23.2-40-g277498a (webtiles) character file.

Game seed: 3501428046890518609

536 Fang the Skirmisher (level 7, 0/44 HPs)
             Began as a Gargoyle Berserker on Oct 22, 2019.
             Was a Priest of Trog.
             Slain by a killer bee (2 damage)
             ... on level 4 of the Dungeon.
             The game lasted 00:05:33 (3522 turns).

Fang the Skirmisher (Gargoyle Berserker)            Turns: 3522, Time: 00:05:33

Health: 0/44       AC:  9    Str: 23    XL:     7   Next: 25%
Magic:  7/7        EV: 13    Int:  7    God:    Trog [***...]
Gold:   232        SH:  0    Dex:  9    Spells: 6/6 levels left

rFire    . . .     SeeInvis .   a - +0 war axe
rCold    . . .     Gourm    .   (no shield)
rNeg     + . .     Faith    .   b - +0 animal skin
rPois    ∞         Spirit   .   (no helmet)
rElec    +         Reflect  .   (no cloak)
rCorr    .         Harm     .   n - +1 pair of gloves
MR       .....                  (no boots)
Stlth    +.........             (no amulet)
HPRegen  0.14/turn              (no ring)
MPRegen  0.10/turn              (no ring)

@: berserk cooldown, slowed, very slow
A: negative energy resistance 1, electricity resistance, unbreathing,
petrification resistance, rot immunity, AC +4
a: Berserk, Trog's Hand, Renounce Religion


You were on level 4 of the Dungeon.
You worshipped Trog.
Trog was most pleased with you.
You were near starving.

You visited 1 branch of the dungeon, and saw 4 of its levels.

You collected 232 gold pieces.

Inventory:

Hand Weapons
 a - a +0 war axe (weapon)
Armour
 b - a +0 animal skin (worn)
 n - a +1 pair of gloves (worn)
Jewellery
 f - an uncursed ring of resist corrosion {unknown}
 l - a cursed ring of teleportation {unknown}
Scrolls
 e - 7 scrolls of identify {unknown}
 g - 4 scrolls of enchant armour {unknown}
 i - 3 scrolls of remove curse {unknown}
 k - 3 scrolls of teleportation {unknown}
 m - a scroll of enchant weapon {unknown}
 o - 3 scrolls of amnesia {unknown}
 q - 2 scrolls of fear {unknown}
 w - a scroll of immolation {unknown}
Potions
 d - a potion of mutation {unknown}
 h - a potion of agility {unknown}
 j - a potion of lignification {unknown}
 p - a potion of brilliance {unknown}
 r - a potion of heal wounds {unknown}
 t - a potion of haste {unknown}
 u - 2 potions of curing {unknown}
 v - a potion of flight {unknown}
Comestibles
 c - 7 rations
 s - 7 chunks of flesh


   Skills:
 * Level 5.4 Fighting
 * Level 4.5 Axes
 + Level 4.2 Armour
 + Level 3.2 Dodging


You had 6 spell levels left.
You didn't know any spells.
Your spell library was empty.

Dungeon Overview and Level Annotations

Branches:
Dungeon (4/15)
 Temple: D:4-7

Altars:
Dithmenos
Elyvilon
Makhleb


Innate Abilities, Weirdness & Mutations

You are resistant to torment.
Your stone body is resilient. (AC +4)
You are immune to poison.
You resist negative energy. (rN+)
You are resistant to electric shocks. (rElec)
You can survive without breathing.
You are immune to petrification.
You are immune to rotting.


Message History

The killer bee stings you!
* * * LOW HITPOINT WARNING * * *
You feel the effects of Trog's Hand fading.
The killer bee stings you.
* * * LOW HITPOINT WARNING * * *
The killer bee stings you but does no damage.
The killer bee barely misses you.
You see here a killer bee corpse.
The killer bee stings you but does no damage. x2
The killer bee stings you but does no damage.
The killer bee stings you!
* * * LOW HITPOINT WARNING * * *
The killer bee stings you.
* * * LOW HITPOINT WARNING * * *
Your skin stops crawling.
You feel less resistant to hostile enchantments.
The killer bee barely misses you. The killer bee stings you.
* * * LOW HITPOINT WARNING * * *
The killer bee closely misses you. The killer bee stings you.
You die...

## #..### #
###..# +...#
#######.##
#........#
#)#####..#####
#...)......#
#.###.###.##
#.†yyy@..#
#.#.######
#.#......#
#.######.# #.#
#.# #.# #†#
#.#


You could see 3 killer bees.

Vanquished Creatures
  A phantom (D:4)
  A scorpion (D:2)
  3 killer bees (D:4)
  A gnoll shaman (D:4)
  2 worker ants (D:4)
  8 gnolls
  An adder (D:2)
  An ooze (D:3)
  4 worms
  4 dart slugs
  2 leopard geckos
  8 orcs
  2 giant cockroaches
  7 goblins
  7 hobgoblins
  2 jackals (D:3)
  2 ball pythons
  9 bats
  6 frilled lizards
  9 kobolds
  8 rats
88 creatures vanquished.

Notes
Turn   | Place    | Note
-------+----------+-------------------------------------------
     0 | D:1      | Fang the Gargoyle Berserker began the quest for the Orb.
     0 | D:1      | Reached XP level 1. HP: 14/14 MP: 1/1
   371 | D:1      | Reached XP level 2. HP: 16/19 MP: 2/2
   793 | D:1      | Reached ** piety under Trog
   815 | D:1      | Reached XP level 3. HP: 23/23 MP: 3/3
  1371 | D:2      | Found a shadowy altar of Dithmenos.
  1417 | D:2      | Noticed a scorpion
  1427 | D:2      | Killed a scorpion
  1427 | D:2      | Reached skill level 4 in Fighting
  1427 | D:2      | Reached XP level 4. HP: 29/29 MP: 4/4
  1536 | D:2      | Reached XP level 5. HP: 19/33 MP: 5/5
  1843 | D:2      | Found a burning altar of Makhleb.
  1843 | D:2      | Noticed a blizzard demon
  2319 | D:3      | Reached *** piety under Trog
  3057 | D:4      | Reached XP level 6. HP: 29/39 MP: 6/6
  3211 | D:4      | Found a white marble altar of Elyvilon.
  3408 | D:4      | Noticed a phantom
  3425 | D:4      | Killed a phantom
  3425 | D:4      | Reached skill level 5 in Fighting
  3498 | D:4      | Reached XP level 7. HP: 44/44 MP: 7/7
  3521 | D:4      | HP: 2/44 [killer bee (3)]
  3522 | D:4      | Slain by a killer bee

Skill      XL: |  1  2  3  4  5  6 |
---------------+-------------------+-----
Axes           | 3 4 |  4.5
Dodging        | 2 3 |  3.2
Fighting       | 4 5 |  5.4
Armour         | 3 4 |  4.2

Action                   |  1- 3 |  4- 6 |  7- 9 || total
-------------------------+-------+-------+-------++-------
Melee: Hand axe          |   110 |    76 |       ||   186
       War axe           |       |   106 |    12 ||   118
Invok: Berserk           |     1 |     3 |       ||     4
       Trog's Hand       |       |       |     1 ||     1
 Stab: Sleeping          |     2 |       |       ||     2
  Eat: Chunk             |     1 |    10 |       ||    11
Armor: Animal skin       |    37 |    84 |    16 ||   137
Dodge: Dodged            |    81 |   142 |    35 ||   258
